 Dungeon Crawl Stone Soup version 0.30-a0-777-ga9a30cbeda (webtiles) character file.

Game seed: 10053304687117431816

41 sircluck the Sneak (level 3, 0/18 HPs)
             Began as a Spriggan Brigand on Feb 14, 2023.
             Slain by a phantom (6 damage)
             ... on level 4 of the Dungeon.
             The game lasted 00:04:41 (1119 turns).

sircluck the Sneak (Spriggan Brigand)               Turns: 1119, Time: 00:04:41

Health: 0/18       AC:  3    Str:  7    XL:     3   Next: 32%
Magic:  4/4        EV: 17    Int: 12    God:
Gold:   71         SH:  0    Dex: 18    Spells: 2/2 levels left

rFire   . . .      SeeInvis +    a - +2 dagger
rCold   . . .      Faith    .    (no shield)
rNeg    . . .      Spirit   .    b - +0 robe
rPois   .          Reflect  .    (helmet restricted)
rElec   .          Harm     .    c - +0 cloak
rCorr   .          Rampage  .    (gloves unavailable)
Will    .....                    (boots unavailable)
Stlth   ++++                     (no amulet)
HPRegen 0.23/turn                (no ring)
MPRegen 0.09/turn                (no ring)

@: very quick
A: very small, no large weapons, unfitting armour, see invisible, speed 3
a: no special abilities


You were on level 4 of the Dungeon.
You visited 1 branch of the dungeon, and saw 3 of its levels.

You collected 71 gold pieces.

Inventory:

Hand Weapons
 a - a +2 dagger (weapon)
 m - a +2 sling of flaming
Missiles
 d - 9 poisoned darts (quivered)
 e - 3 curare-tipped darts
 g - 15 stones
Armour
 b - a +0 robe (worn)
 c - a +0 cloak (worn)
Jewellery
 l - a ring of resist corrosion
Scrolls
 h - a scroll of vulnerability {unknown}
 j - a scroll of immolation {unknown}
Potions
 f - a potion of magic {unknown}
 i - a potion of might {unknown}
 k - a potion of curing {unknown}


   Skills:
 + Level 1.9 Fighting
 + Level 2.3 Short Blades
 + Level 2.0 Throwing
 + Level 2.4 Dodging
 + Level 6.9 Stealth


You had 2 spell levels left.
You didn't know any spells.
Your spell library was empty.

Dungeon Overview and Level Annotations

Branches:
Dungeon (2/15)

Altars:


Innate Abilities, Weirdness & Mutations

You are very small and have problems with some larger weapons.
You are too small for most types of armour.
You have supernaturally acute eyesight. (SInv)
You cover ground extremely quickly. (Speed+++)


Message History

The phantom hits you.
The phantom blinks!
You blink.
You closely miss the phantom.
The phantom is moderately damaged.
The phantom completely misses you.
You hit the phantom.
The phantom is moderately damaged.
The phantom misses you.
You hit the phantom.
The phantom is heavily damaged.
You hit the phantom but do no damage.
The phantom is heavily damaged.
The phantom barely misses you.
You barely miss the phantom.
The phantom is heavily damaged.
The phantom hits you but does no damage.
You closely miss the phantom.
The phantom is heavily damaged.
The phantom hits you!
The phantom blinks!
You blink.
You hit the phantom.
The phantom is heavily damaged.
The phantom closely misses you.
You barely miss the phantom.
The phantom is heavily damaged.
The phantom barely misses you.
You hit the phantom.
The phantom is heavily damaged.
The phantom hits you.
You hit the phantom.
The phantom is severely damaged.
The phantom hits you.
* * * LOW HITPOINT WARNING * * *
The phantom blinks!
You blink.
Found a stone staircase leading up.
You are too injured to fight recklessly!
You barely miss the phantom.
The phantom is severely damaged.
The phantom closely misses you.
You closely miss the phantom.
The phantom is severely damaged.
The phantom hits you.
You die...

#........# .
#........# ..
##......... ...##
####..........
...####.............
#.>......#.........
###.).†............
#..W###..##......
#...@............
#....##.§.........
.......#............
....##.#..........
.... #.#..........
... .<#.......... ..
..............
#..#....≈≈≈...


You could see a phantom.

Vanquished Creatures
  2 adders (D:2)
  A dart slug (D:4)
  A ball python (D:2)
  4 bats (D:1)
  An endoplasm (D:1)
  2 goblins
  2 hobgoblins
  2 kobolds
  2 quokkas
  2 frilled lizards (D:2)
  A rat (D:1)
20 creatures vanquished.

Notes
Turn   | Place    | Note
-------+----------+-------------------------------------------
     0 | D:1      | sircluck the Spriggan Brigand began the quest for the Orb.
     0 | D:1      | Reached XP level 1. HP: 10/10 MP: 2/2
    43 | D:1      | Reached skill level 6 in Stealth
   216 | D:1      | Reached XP level 2. HP: 12/15 MP: 3/3
  1045 | D:2      | Reached XP level 3. HP: 15/18 MP: 4/4
  1079 | D:2      | You fall into a shaft and drop 2 floors!
  1092 | D:4      | Noticed a phantom
  1119 | D:4      | Slain by a phantom

Illustrated notes

Levels and vault maps discovered:
D:1:      lemuel_arrival_tunnels, layout_basic, reono_crystal_passage
D:2:      layout_loops_ring, basic_altar
D:4:      layout_rooms, grunt_qazlal_clouds, minmay_temple_entry_tees,
          serial_shops, shop, corexii_item_surrounded_by_moat, uniq_robin,
          uniq_natasha

Skill      XL: |  1  2 |
---------------+-------+-----
Stealth        | 6 |  6.9
Dodging        | 2 |  2.4
Fighting       | |  1.9
Short Blades   | |  2.3
Throwing       | |  2.0

Action                     || total
---------------------------++-------
  Melee: Dagger            ||   104
   Stab: Sleeping          ||     4
 Armour: Robe              ||    23
  Dodge: Dodged            ||    98

Table legend: (Time is in decaauts)
 A = Elapsed time spent in this place.
 B = Non-inter-level travel time spent in this place.
 C = Inter-level travel time spent in this place.
 D = Time resting spent in this place.
 E = Time spent auto-exploring this place.
 F = Levels seen in this place.
 G = Mean time per level.
                   A        B        C        D        E       F      G
               +--------+--------+--------+--------+--------+-----+--------+
         Total |    723 |    720 |      3 |      0 |    231 |   3 |  241.0 |
       Dungeon |    723 |    720 |      3 |      0 |    231 |   3 |  241.0 |
               +--------+--------+--------+--------+--------+-----+--------+

Top non-repeatable levels by time:
     D:1: 461 daAuts
     D:2: 230 daAuts
     D:4: 31 daAuts
